[ AOE2 MATCH · #460115331 ]
Team RMBulgarians vs Romans
[ REPLAY ANALYSIS · EXTRACTED FROM THE RECORDED GAME ]
Feudal
17:18
Castle
—
Imperial
—
| APM avg | 12.6 |
| APM peak | 31 |
| eAPM avg | 7.8 |
| Villagers / military | 27 / 9 |
Focus
⚔️ 21.1% · 🌾 78.9%
Spearman ×6 · Militia ×3
Feudal
—
Castle
—
Imperial
—
| APM avg | 6.7 |
| APM peak | 19 |
| eAPM avg | 4.2 |
| Villagers / military | 29 / 0 |
Focus
⚔️ 7.4% · 🌾 92.6%
Feudal
15:31
Castle
—
Imperial
—
| APM avg | 26.1 |
| APM peak | 52 |
| eAPM avg | 9.1 |
| Villagers / military | 40 / 6 |
Focus
⚔️ 19.8% · 🌾 80.2%
Militia ×6
Feudal
17:53
Castle
—
Imperial
—
| APM avg | 8.7 |
| APM peak | 28 |
| eAPM avg | 4.7 |
| Villagers / military | 23 / 4 |
Focus
⚔️ 12.7% · 🌾 87.3%
Skirmisher ×3 · Militia ×1
Feudal
17:08
Castle
—
Imperial
—
| APM avg | 17.1 |
| APM peak | 40 |
| eAPM avg | 9.0 |
| Villagers / military | 29 / 3 |
Focus
⚔️ 16.9% · 🌾 83.1%
Fishing Ship ×15 · Archer ×3
Feudal
16:34
Castle
—
Imperial
—
| APM avg | 15.0 |
| APM peak | 33 |
| eAPM avg | 6.5 |
| Villagers / military | 34 / 0 |
Focus
⚔️ 8.2% · 🌾 91.8%
Fishing Ship ×9
Feudal
13:36
Castle
—
Imperial
—
| APM avg | 26.2 |
| APM peak | 73 |
| eAPM avg | 10.5 |
| Villagers / military | 31 / 0 |
Focus
⚔️ 23.3% · 🌾 76.7%
Fishing Ship ×15
Feudal
14:11
Castle
18:24
Imperial
—
| APM avg | 13.4 |
| APM peak | 32 |
| eAPM avg | 6.1 |
| Villagers / military | 33 / 3 |
Focus
⚔️ 6.5% · 🌾 93.5%
Fishing Ship ×5 · Genoese Crossbowman ×3
Match map
Resources at game start + every placement click. Thick line = wall · dashed box = detected house wall. 🟡 gold · ⚪ stone · 🟢 berries · 🔶 boar · ⭕ relic
Inputs per minute
— Teniente DAN - - ijoh88
Build order — Teniente DAN
59 actions detected in the replay
| 1:28 | Build | Town Center |
| 1:50 | Build | House |
| 2:58 | Build | House |
| 3:53 | Create | Villager (Male) ×4 |
| 3:54 | Research | Loom |
| 5:12 | Create | Villager (Male) |
| 5:12 | Create | Villager (Male) |
| 6:10 | Create | Villager (Male) |
| 6:29 | Build | Mill |
| 6:40 | Build | Palisade Wall |
| 6:46 | Create | Villager (Male) |
| 6:46 | Create | Villager (Male) |
| 7:42 | Create | Villager (Male) |
| 7:42 | Create | Villager (Male) |
| 7:56 | Build | Outpost |
| 8:05 | Build | Outpost |
| 8:20 | Build | Palisade Wall |
| 8:29 | Build | Palisade Wall |
| 8:50 | Create | Villager (Male) |
| 8:50 | Create | Villager (Male) |
| 9:02 | Build | House |
| 9:49 | Create | Villager (Male) |
| 9:49 | Create | Villager (Male) |
| 9:50 | Create | Villager (Male) |
| 9:50 | Create | Villager (Male) |
| 10:09 | Build | Palisade Wall |
| 10:10 | Build | Palisade Wall |
| 10:14 | Build | Palisade Wall |
| 10:18 | Build | House |
| 10:24 | Build | Mining Camp |
| 10:50 | Build | Barracks |
| 11:44 | Build | Farm |
| 11:49 | Build | Farm |
| 11:53 | Build | Farm |
| 12:09 | Build | Farm |
| 12:15 | Create | Villager (Male) |
| 12:15 | Create | Villager (Male) |
| 12:16 | Create | Villager (Male) |
| 12:58 | Build | Farm |
| 13:03 | Build | Farm |
| 13:21 | Build | House |
| 13:36 | Create | Militia |
| 13:57 | Build | House |
| 15:08 | Research | Feudal Age |
| 16:34 | Create | Militia |
| 16:35 | Create | Militia |
| 17:06 | Create | Villager (Male) ×4 |
| 17:18 | Age | Feudal Age |
| 17:24 | Build | Watch Tower |
| 17:51 | Create | Spearman |
| 18:01 | Create | Villager (Male) |
| 18:02 | Create | Villager (Male) |
| 18:02 | Create | Villager (Male) |
| 18:31 | Build | Market |
| 18:43 | Create | Spearman |
| 18:44 | Create | Spearman |
| 18:44 | Create | Spearman |
| 18:57 | Create | Spearman |
| 18:57 | Create | Spearman |
Build order — ijoh88
56 actions detected in the replay
| 2:14 | Build | Town Center |
| 2:32 | Build | House |
| 2:35 | Build | House |
| 4:45 | Research | Loom |
| 5:09 | Create | Villager (Male) |
| 6:03 | Create | Villager (Male) |
| 6:42 | Build | Lumber Camp |
| 6:45 | Create | Villager (Male) |
| 6:46 | Create | Villager (Male) |
| 7:21 | Create | Villager (Male) |
| 7:21 | Create | Villager (Male) |
| 7:57 | Create | Villager (Male) |
| 7:57 | Create | Villager (Male) |
| 8:21 | Create | Villager (Male) |
| 9:07 | Build | Mining Camp |
| 9:10 | Create | Villager (Male) |
| 9:47 | Build | Outpost |
| 9:50 | Build | Outpost |
| 9:54 | Build | Outpost |
| 10:00 | Build | Outpost |
| 10:21 | Create | Villager (Male) |
| 10:21 | Create | Villager (Male) |
| 10:22 | Create | Villager (Male) |
| 10:22 | Create | Villager (Male) |
| 10:35 | Create | Villager (Male) |
| 10:58 | Create | Villager (Male) |
| 10:58 | Create | Villager (Male) |
| 11:29 | Build | Barracks |
| 11:53 | Create | Villager (Male) |
| 11:53 | Create | Villager (Male) |
| 12:08 | Build | Mining Camp |
| 12:51 | Create | Villager (Male) |
| 13:57 | Create | Villager (Male) |
| 13:57 | Create | Villager (Male) |
| 13:58 | Create | Villager (Male) |
| 13:58 | Create | Villager (Male) |
| 14:20 | Build | Palisade Wall |
| 15:17 | Build | Mill |
| 15:44 | Build | Palisade Wall |
| 16:13 | Build | Farm |
| 16:27 | Build | Farm |
| 16:28 | Build | Farm |
| 16:28 | Build | Farm |
| 17:31 | Build | House |
| 17:34 | Build | House |
| 17:36 | Build | House |
| 17:37 | Build | House |
| 17:40 | Research | Feudal Age |
| 17:53 | Build | Farm |
| 17:53 | Build | Farm |
| 17:54 | Build | Farm |
| 17:55 | Build | Farm |
| 18:02 | Build | Farm |
| 20:01 | Build | Market |
| 20:07 | Create | Villager (Male) ×5 |
| 20:10 | Research | Double-Bit Axe |
Build order — Mr.Blue™
81 actions detected in the replay
| 1:12 | Build | Town Center |
| 3:06 | Build | House |
| 3:16 | Build | House |
| 3:19 | Build | House |
| 3:24 | Create | Villager (Male) |
| 3:25 | Create | Villager (Male) |
| 3:25 | Create | Villager (Male) |
| 3:25 | Create | Villager (Male) |
| 3:25 | Create | Villager (Male) |
| 3:25 | Create | Villager (Male) |
| 5:05 | Create | Villager (Male) |
| 5:05 | Create | Villager (Male) |
| 5:05 | Create | Villager (Male) |
| 5:30 | Create | Villager (Male) |
| 5:31 | Create | Villager (Male) |
| 5:49 | Build | Barracks |
| 6:31 | Create | Villager (Male) |
| 6:31 | Create | Villager (Male) |
| 6:41 | Create | Villager (Male) |
| 6:42 | Create | Villager (Male) |
| 7:18 | Create | Villager (Male) |
| 7:46 | Create | Villager (Male) |
| 8:14 | Create | Villager (Male) |
| 8:15 | Create | Villager (Male) |
| 8:39 | Create | Villager (Male) |
| 8:52 | Create | Militia |
| 9:22 | Create | Villager (Male) |
| 9:52 | Create | Villager (Male) |
| 9:53 | Create | Villager (Male) |
| 9:54 | Create | Villager (Male) |
| 9:59 | Create | Militia |
| 10:52 | Build | House |
| 11:12 | Build | Mill |
| 12:15 | Create | Villager (Male) |
| 12:57 | Build | Lumber Camp |
| 13:21 | Research | Feudal Age |
| 14:17 | Create | Militia |
| 14:19 | Create | Militia |
| 14:19 | Create | Militia |
| 14:19 | Create | Militia |
| 14:41 | Build | Farm |
| 14:42 | Build | Farm |
| 14:43 | Build | Farm |
| 14:43 | Build | Farm |
| 15:15 | Build | Mining Camp |
| 15:22 | Create | Villager (Male) |
| 15:22 | Create | Villager (Male) |
| 15:22 | Create | Villager (Male) |
| 15:22 | Create | Villager (Male) |
| 15:31 | Age | Feudal Age |
| 15:37 | Build | House |
| 15:50 | Build | Stone Wall |
| 15:55 | Build | Stone Wall |
| 16:16 | Build | Farm |
| 16:19 | Build | Farm |
| 16:27 | Build | Farm |
| 16:28 | Create | Villager (Male) |
| 16:31 | Create | Villager (Male) |
| 16:31 | Create | Villager (Male) |
| 16:31 | Create | Villager (Male) |
| 16:57 | Build | Stone Wall |
| 17:39 | Build | Farm |
| 17:43 | Build | Farm |
| 17:55 | Build | Mining Camp |
| 18:05 | Build | Stone Wall |
| 18:06 | Build | Stone Wall |
| 18:36 | Build | House |
| 18:43 | Build | House |
| 18:45 | Build | House |
| 19:23 | Create | Villager (Male) |
| 19:23 | Create | Villager (Male) |
| 19:24 | Create | Villager (Male) |
| 19:24 | Create | Villager (Male) |
| 19:24 | Create | Villager (Male) |
| 19:25 | Create | Villager (Male) |
| 19:30 | Create | Villager (Male) |
| 19:47 | Build | Barracks |
| 19:51 | Research | Man-at-Arms (upgrade) |
| 19:57 | Build | Farm |
| 20:33 | Build | Farm |
| 20:41 | Build | Farm |
Build order — Jonnyathon
54 actions detected in the replay
| 2:34 | Build | Town Center |
| 3:45 | Build | House |
| 3:53 | Build | House |
| 4:34 | Create | Villager (Male) ×4 |
| 5:58 | Create | Villager (Male) |
| 6:33 | Create | Villager (Male) |
| 6:49 | Build | Barracks |
| 7:07 | Create | Villager (Male) ×2 |
| 8:02 | Create | Villager (Male) |
| 8:31 | Create | Villager (Male) |
| 8:42 | Build | House |
| 9:03 | Build | Palisade Wall |
| 9:07 | Create | Villager (Male) |
| 9:37 | Create | Militia |
| 9:43 | Research | Loom |
| 10:05 | Build | Palisade Wall |
| 10:42 | Create | Villager (Male) ×2 |
| 10:54 | Build | Palisade Wall |
| 11:23 | Create | Villager (Male) |
| 12:19 | Create | Villager (Male) |
| 12:42 | Create | Villager (Male) |
| 13:03 | Build | Mill |
| 13:29 | Create | Villager (Male) |
| 13:37 | Build | House |
| 14:20 | Create | Villager (Male) |
| 14:41 | Build | House |
| 15:43 | Research | Feudal Age |
| 15:43 | Research | Feudal Age |
| 15:43 | Research | Feudal Age |
| 15:43 | Research | Feudal Age |
| 15:59 | Build | Mining Camp |
| 16:20 | Build | Farm |
| 16:25 | Build | Farm |
| 16:30 | Build | Farm |
| 16:35 | Build | Farm |
| 16:39 | Build | Farm |
| 16:53 | Build | Mining Camp |
| 16:58 | Create | Villager (Male) |
| 17:53 | Age | Feudal Age |
| 17:58 | Build | Watch Tower |
| 18:04 | Create | Villager (Male) |
| 18:22 | Create | Villager (Male) |
| 18:29 | Build | Archery Range |
| 18:54 | Build | Blacksmith |
| 18:57 | Create | Villager (Male) |
| 19:12 | Build | Farm |
| 19:24 | Research | Horse Collar |
| 19:28 | Create | Villager (Male) |
| 19:43 | Create | Skirmisher |
| 19:43 | Create | Skirmisher |
| 19:44 | Create | Skirmisher |
| 19:50 | Build | Farm |
| 20:20 | Build | Farm |
| 20:38 | Build | Farm |
Build order — Horahlooks
81 actions detected in the replay
| 0:46 | Build | Town Center |
| 1:58 | Build | House |
| 2:04 | Build | Dock |
| 3:31 | Create | Villager (Male) |
| 3:31 | Create | Villager (Male) |
| 3:32 | Create | Villager (Male) |
| 3:32 | Create | Villager (Male) |
| 5:07 | Create | Villager (Male) |
| 5:07 | Create | Villager (Male) |
| 5:39 | Create | Villager (Male) |
| 6:29 | Create | Villager (Male) |
| 6:29 | Create | Villager (Male) |
| 6:30 | Create | Villager (Male) |
| 7:25 | Create | Villager (Male) |
| 7:26 | Create | Villager (Male) |
| 7:26 | Create | Villager (Male) |
| 7:27 | Create | Villager (Male) |
| 7:27 | Create | Villager (Male) |
| 8:12 | Build | House |
| 8:13 | Build | House |
| 8:15 | Create | Villager (Male) |
| 8:16 | Create | Villager (Male) |
| 8:23 | Research | Loom |
| 8:42 | Build | Palisade Wall |
| 8:46 | Build | Building 804 |
| 9:02 | Create | Villager (Male) |
| 9:03 | Create | Villager (Male) |
| 9:05 | Create | Fishing Ship |
| 9:30 | Build | House |
| 9:49 | Create | Villager (Male) |
| 9:50 | Create | Villager (Male) |
| 9:51 | Create | Fishing Ship |
| 10:03 | Build | Palisade Wall |
| 10:18 | Create | Villager (Male) |
| 10:27 | Build | House |
| 10:58 | Build | House |
| 11:33 | Build | Mining Camp |
| 12:07 | Build | Lumber Camp |
| 12:26 | Create | Fishing Ship |
| 12:26 | Create | Fishing Ship |
| 12:29 | Build | House |
| 12:30 | Build | House |
| 12:30 | Build | House |
| 12:31 | Build | House |
| 12:31 | Build | House |
| 12:31 | Build | House |
| 12:39 | Create | Villager (Male) |
| 12:39 | Create | Villager (Male) |
| 12:40 | Create | Villager (Male) |
| 12:40 | Create | Villager (Male) |
| 13:36 | Build | Mill |
| 13:48 | Create | Fishing Ship |
| 13:48 | Create | Fishing Ship |
| 13:49 | Create | Fishing Ship |
| 13:49 | Create | Fishing Ship |
| 14:22 | Build | Barracks |
| 14:27 | Create | Villager (Male) |
| 14:58 | Research | Feudal Age |
| 15:07 | Build | Dock |
| 17:08 | Age | Feudal Age |
| 17:11 | Build | Archery Range |
| 17:16 | Build | Blacksmith |
| 17:19 | Create | Villager (Male) |
| 17:19 | Create | Villager (Male) |
| 17:22 | Build | Farm |
| 17:23 | Build | Farm |
| 17:23 | Build | Farm |
| 17:23 | Build | Farm |
| 17:24 | Build | Farm |
| 17:30 | Create | Fishing Ship ×4 |
| 17:36 | Create | Fishing Ship |
| 17:36 | Create | Fishing Ship |
| 17:36 | Create | Fishing Ship |
| 18:02 | Create | Archer |
| 18:03 | Create | Archer |
| 18:03 | Create | Archer |
| 18:34 | Research | Wheelbarrow |
| 18:37 | Research | Fletching |
| 19:18 | Build | Farm |
| 19:19 | Build | Farm |
| 19:49 | Research | Castle Age |
Build order — Rosslehoff
66 actions detected in the replay
| 1:56 | Build | Town Center |
| 2:13 | Build | House |
| 2:16 | Build | House |
| 2:18 | Build | House |
| 4:05 | Create | Villager (Male) |
| 4:06 | Create | Villager (Male) |
| 4:06 | Create | Villager (Male) |
| 4:06 | Create | Villager (Male) |
| 5:38 | Create | Villager (Male) |
| 5:38 | Create | Villager (Male) |
| 5:58 | Research | Loom |
| 6:37 | Create | Villager (Male) |
| 6:37 | Create | Villager (Male) |
| 7:24 | Create | Villager (Male) |
| 7:25 | Create | Villager (Male) |
| 7:51 | Create | Villager (Male) |
| 7:51 | Create | Villager (Male) |
| 8:41 | Build | Dock |
| 8:45 | Create | Villager (Male) |
| 9:07 | Create | Villager (Male) |
| 9:08 | Create | Villager (Male) |
| 9:41 | Create | Fishing Ship |
| 9:44 | Create | Villager (Male) |
| 9:44 | Create | Villager (Male) |
| 9:49 | Build | House |
| 10:37 | Create | Villager (Male) |
| 10:37 | Create | Villager (Male) |
| 10:52 | Create | Villager (Male) |
| 10:54 | Create | Fishing Ship |
| 12:12 | Build | House |
| 12:18 | Create | Fishing Ship |
| 12:19 | Create | Fishing Ship |
| 12:29 | Build | Mill |
| 12:43 | Create | Villager (Male) |
| 12:51 | Build | Lumber Camp |
| 12:58 | Build | House |
| 13:07 | Create | Villager (Male) |
| 13:19 | Build | House |
| 13:21 | Build | House |
| 13:24 | Build | House |
| 13:33 | Create | Villager (Male) |
| 13:33 | Create | Villager (Male) |
| 13:34 | Create | Villager (Male) |
| 14:00 | Create | Fishing Ship |
| 14:01 | Create | Fishing Ship |
| 14:24 | Research | Feudal Age |
| 14:52 | Create | Villager (Male) |
| 14:53 | Create | Villager (Male) |
| 14:53 | Create | Villager (Male) |
| 14:57 | Create | Fishing Ship |
| 16:18 | Create | Villager (Male) |
| 16:19 | Create | Villager (Male) |
| 16:34 | Age | Feudal Age |
| 16:53 | Build | Barracks |
| 17:26 | Create | Villager (Male) |
| 17:26 | Create | Villager (Male) |
| 17:29 | Create | Fishing Ship |
| 17:29 | Create | Fishing Ship |
| 18:06 | Create | Villager (Male) |
| 18:07 | Create | Villager (Male) |
| 18:12 | Build | Market |
| 18:37 | Build | Blacksmith |
| 19:07 | Build | Dock |
| 19:54 | Build | Archery Range |
| 20:00 | Research | Fletching |
| 20:09 | Research | Castle Age |
Build order — GodFuzzyWuzzy
73 actions detected in the replay
| 0:28 | Build | Town Center |
| 0:50 | Build | House |
| 2:57 | Create | Villager (Male) |
| 2:58 | Create | Villager (Male) |
| 2:58 | Create | Villager (Male) |
| 2:58 | Create | Villager (Male) |
| 2:58 | Create | Villager (Male) |
| 3:13 | Build | Dock |
| 3:44 | Research | Loom |
| 3:47 | Build | House |
| 4:09 | Create | Villager (Male) |
| 4:46 | Create | Villager (Male) |
| 5:31 | Create | Villager (Male) |
| 5:51 | Create | Fishing Ship |
| 6:12 | Create | Fishing Ship |
| 6:32 | Create | Villager (Male) |
| 7:00 | Create | Villager (Male) |
| 7:00 | Create | Villager (Male) |
| 7:16 | Create | Villager (Male) |
| 7:16 | Create | Villager (Male) |
| 8:22 | Create | Villager (Male) |
| 8:22 | Create | Villager (Male) |
| 8:23 | Create | Villager (Male) |
| 8:36 | Create | Villager (Male) |
| 9:02 | Create | Fishing Ship |
| 9:08 | Build | Lumber Camp |
| 9:26 | Create | Villager (Male) |
| 9:34 | Build | Mill |
| 10:09 | Build | House |
| 10:26 | Build | House |
| 10:29 | Create | Villager (Male) |
| 10:32 | Create | Villager (Male) |
| 10:53 | Create | Villager (Male) |
| 11:12 | Research | Feudal Age |
| 11:35 | Build | Mining Camp |
| 12:08 | Build | House |
| 12:49 | Create | Fishing Ship |
| 12:58 | Build | Dock |
| 13:02 | Create | Fishing Ship |
| 13:11 | Create | Villager (Male) |
| 13:11 | Create | Villager (Male) |
| 13:36 | Age | Feudal Age |
| 13:39 | Create | Fishing Ship |
| 13:53 | Create | Villager (Male) |
| 14:10 | Build | Market |
| 14:14 | Create | Villager (Male) |
| 14:34 | Build | Mining Camp |
| 14:43 | Create | Villager (Male) |
| 15:02 | Build | Blacksmith |
| 15:21 | Create | Fishing Ship |
| 15:24 | Create | Fishing Ship |
| 15:28 | Create | Villager (Male) |
| 15:43 | Build | House |
| 16:05 | Create | Villager (Male) |
| 16:22 | Create | Fishing Ship |
| 16:25 | Research | Tech 906 |
| 16:36 | Build | House |
| 16:50 | Create | Fishing Ship |
| 16:50 | Create | Fishing Ship |
| 16:51 | Create | Fishing Ship |
| 17:02 | Create | Villager (Male) |
| 17:02 | Create | Villager (Male) |
| 17:04 | Create | Villager (Male) |
| 17:23 | Build | Dock |
| 17:36 | Build | Dock |
| 18:29 | Research | Castle Age |
| 18:36 | Build | Barracks |
| 19:22 | Research | Wheelbarrow |
| 19:42 | Research | Padded Archer Armor |
| 19:47 | Build | Stable |
| 20:03 | Create | Fishing Ship |
| 20:11 | Create | Fishing Ship |
| 20:11 | Create | Fishing Ship |
Build order — Boyka
61 actions detected in the replay
| 0:06 | Build | Town Center |
| 0:13 | Build | House |
| 1:43 | Build | Mill |
| 2:39 | Create | Villager (Male) |
| 2:40 | Create | Villager (Male) |
| 3:05 | Create | Villager (Male) |
| 3:05 | Create | Villager (Male) |
| 3:51 | Create | Villager (Male) |
| 4:29 | Create | Villager (Male) |
| 4:29 | Create | Villager (Male) |
| 4:46 | Create | Villager (Male) |
| 4:47 | Create | Villager (Male) |
| 4:56 | Build | House |
| 5:32 | Create | Villager (Male) |
| 5:33 | Create | Villager (Male) |
| 5:50 | Create | Villager (Male) |
| 6:27 | Build | Dock |
| 6:31 | Create | Villager (Male) |
| 6:31 | Create | Villager (Male) |
| 6:52 | Build | House |
| 6:59 | Create | Villager (Male) |
| 7:00 | Create | Villager (Male) |
| 7:27 | Create | Villager (Male) |
| 7:27 | Create | Villager (Male) |
| 7:54 | Create | Villager (Male) |
| 7:54 | Create | Villager (Male) |
| 7:57 | Create | Fishing Ship |
| 8:40 | Create | Villager (Male) |
| 8:40 | Create | Villager (Male) |
| 8:45 | Create | Fishing Ship |
| 9:27 | Create | Villager (Male) |
| 9:45 | Create | Fishing Ship |
| 9:47 | Create | Villager (Male) |
| 9:47 | Create | Villager (Male) |
| 10:18 | Create | Villager (Male) |
| 10:22 | Create | Fishing Ship |
| 10:44 | Build | House |
| 10:54 | Create | Villager (Male) |
| 11:20 | Create | Fishing Ship |
| 11:31 | Create | Villager (Male) |
| 11:53 | Research | Feudal Age |
| 13:10 | Build | Mining Camp |
| 13:30 | Build | Mining Camp |
| 13:48 | Build | House |
| 14:11 | Age | Feudal Age |
| 14:17 | Create | Villager (Male) |
| 14:25 | Build | Market |
| 14:35 | Create | Villager (Male) |
| 14:41 | Build | Blacksmith |
| 15:13 | Build | Lumber Camp |
| 15:18 | Create | Villager (Male) |
| 15:44 | Research | Castle Age |
| 17:20 | Research | Loom |
| 17:54 | Create | Villager (Male) |
| 17:55 | Create | Villager (Male) |
| 18:24 | Age | Castle Age |
| 18:33 | Build | Castle |
| 18:40 | Research | Fletching |
| 19:38 | Create | Genoese Crossbowman |
| 19:41 | Create | Genoese Crossbowman |
| 20:27 | Create | Genoese Crossbowman |
Match timeline
| 2:04 | Horahlooks · first_building Dock |
| 3:13 | GodFuzzyWuzzy · first_building Dock |
| 5:49 | Mr.Blue™ · first_building Barracks |
| 6:27 | Boyka · first_building Dock |
| 6:40 | Teniente DAN · wall_segment Palisade Wall x5 |
| 6:49 | Jonnyathon · first_building Barracks |
| 8:20 | Teniente DAN · wall_segment Palisade Wall x1 |
| 8:29 | Teniente DAN · wall_segment Palisade Wall x4 |
| 8:41 | Rosslehoff · first_building Dock |
| 8:42 | Horahlooks · wall_segment Palisade Wall x1 |
| 9:03 | Jonnyathon · wall_segment Palisade Wall x3 |
| 10:03 | Horahlooks · wall_segment Palisade Wall x4 |
| 10:05 | Jonnyathon · wall_segment Palisade Wall x4 |
| 10:09 | Teniente DAN · wall_segment Palisade Wall x2 |
| 10:10 | Teniente DAN · wall_segment Palisade Wall x2 |
| 10:14 | Teniente DAN · wall_segment Palisade Wall x2 |
| 10:50 | Teniente DAN · first_building Barracks |
| 10:54 | Jonnyathon · wall_segment Palisade Wall x1 |
| 11:29 | ijoh88 · first_building Barracks |
| 13:36 | GodFuzzyWuzzy · age_up feudal |
| 14:11 | Boyka · age_up feudal |
| 14:20 | ijoh88 · wall_segment Palisade Wall x6 |
| 14:22 | Horahlooks · first_building Barracks |
| 15:31 | Mr.Blue™ · age_up feudal |
| 15:44 | ijoh88 · wall_segment Palisade Wall x10 |
| 15:50 | Mr.Blue™ · wall_segment Stone Wall x14 |
| 15:55 | Mr.Blue™ · wall_segment Stone Wall x5 |
| 16:34 | Rosslehoff · age_up feudal |
| 16:53 | Rosslehoff · first_building Barracks |
| 16:57 | Mr.Blue™ · wall_segment Stone Wall x12 |
| 17:08 | Horahlooks · age_up feudal |
| 17:11 | Horahlooks · first_building Archery Range |
| 17:18 | Teniente DAN · age_up feudal |
| 17:53 | Jonnyathon · age_up feudal |
| 17:55 | GodFuzzyWuzzy · first_market_buy 100 food |
| 17:56 | GodFuzzyWuzzy · first_market_sell 100 wood |
| 18:05 | Mr.Blue™ · wall_segment Stone Wall x1 |
| 18:06 | Mr.Blue™ · wall_segment Stone Wall x1 |
| 18:24 | Boyka · age_up castle |
| 18:29 | Jonnyathon · first_building Archery Range |
| 18:33 | Boyka · first_building Castle |
| 18:36 | GodFuzzyWuzzy · first_building Barracks |
| 19:47 | GodFuzzyWuzzy · first_building Stable |
| 19:54 | Rosslehoff · first_building Archery Range |
| 20:04 | Rosslehoff · first_market_sell 100 food |
| 20:28 | Teniente DAN · resign |
[ AI ANALYSIS · 1 CREDIT ]
What really happened in this match?
Wolo.gg analyzes every decision: build order, eco, micro, common mistakes by bracket. Personalized analysis on WhatsApp or Discord in 30 seconds.
Civ guide
Bulgarians
Map guide
Nomad
Perfil
Jugador #2194258